 Dungeon Crawl Stone Soup version 0.18-a0-1088-g34ef3a2 (webtiles) character file.

41 namelastname112 the Magician (level 3, 0/39 HPs)
             Began as a Draconian Wizard on Jan 15, 2016.
             Slain by an adder (2 damage)
             ... on level 2 of the Dungeon.
             The game lasted 00:01:39 (1339 turns).

namelastname112 the Magician (Draconian Wizard)     Turns: 1339, Time: 00:01:40

Health: 0/39       AC: 21    Str:  9    XL:     3   Next: 32%
Magic:  1/8        EV:  2    Int: 19    God:
Gold:   27         SH:  0    Dex:  9    Spells: 1 memorised, 8 levels left

rFire  . . .     SeeInvis .     (no weapon)
rCold  . . .     Gourm    .     (armour unavailable)
rNeg   + + +     Faith    .     (no shield)
rPois  +         Spirit   .     (helmet currently unavailable)
rElec  .         Dismiss  .     (cloak currently unavailable)
rCorr  .         Reflect  .     (gloves currently unavailable)
SustAt .         Harm     +     (boots currently unavailable)
MR     .....     NoTele   +     d - amulet of harm
Stlth  ++........               (no ring)
                                (no ring)

@: lethally poisoned (0 -> -1), tree-form, not resistant to hostile
enchantments, unstealthy
A: unfitting armour, (cold-blooded), AC +5
a: no special abilities


You were on level 2 of the Dungeon.
You were very hungry.
You were a tree.
You visited 1 branch of the dungeon, and saw 2 of its levels.

You collected 27 gold pieces.

Inventory:

Hand Weapons
 i - a +0 dagger
Armour
 a - a +0 hat (melded)
Jewellery
 d - an amulet of harm (around neck)
Scrolls
 f - 2 scrolls of identify {unknown}
Potions
 g - a potion of flight {unknown}
 h - a potion of haste {unknown}
Books
 b - a book of Minor Magic

   Spells                             Type                      Level
   a - Magic Dart                     Conjuration                  1
   b - Blink                          Translocation                2
   c - Call Imp                       Summoning                    2
   d - Repel Missiles                 Charms/Air                   2
   e - Slow                           Hexes                        2
   f - Conjure Flame                  Conjuration/Fire             3
   g - Mephitic Cloud                 Conjuration/Poison/Air       3
Comestibles
 c - a bread ration
 j - a meat ration


   Skills:
 - Level 1.7 Dodging
 - Level 1.7 Stealth
 + Level 3.6 Spellcasting
 + Level 2.3 Conjurations
   Level 1.0 Summonings
   Level 1.0 Translocations


You had 8 spell levels left.
You knew the following spells:

 Your Spells              Type           Power        Failure   Level  Hunger
z - Magic Dart            Conj           ##..         8%          1    None


Dungeon Overview and Level Annotations

Branches:
Dungeon (2/15)

Altars:
Qazlal


Innate Abilities, Weirdness & Mutations

((Your plain brown scales are hard (AC +5).))
Your body does not fit into most forms of armour.
((You are cold-blooded and may be slowed by cold attacks.))


Message History

* * * LOW HITPOINT WARNING * * *
Drink which item? (? for menu, Esc to quit)
It was a potion of lignification.
You turn into a tree.
Your +0 hat melds into your body.
Your roots penetrate the ground.
* * * LOW HITPOINT WARNING * * *
You feel sick. The adder bites you but does no damage.
Wield which item (- for none, * to show all)? (? for menu, Esc to quit)
You are now empty-handed.
The adder bites you but does no damage.
Really attack barehanded?
You closely miss the adder.
The adder is heavily wounded.
The adder bites you but does no damage.
You closely miss the adder.
The adder is heavily wounded.
The adder bites you but does no damage.
You barely miss the adder.
The adder is heavily wounded.
* * * LOW HITPOINT WARNING * * *
You feel sick. The adder bites you.
You die...

### ..# #.# #.#
#######.############
.._.....♣S........?.
######.###.......#
#.# #..†....# #.#
#.%(...... #.#
#.......##
#######.#######.###
..................
........###########
########.........#


You could see an adder.

Vanquished Creatures
  Natasha (D:2)
  A giant gecko (D:1)
  A giant cockroach (D:1)
  2 goblins (D:1)
  5 hobgoblins (D:1)
  A ball python (D:1)
  2 bats (D:1)
  A giant newt (D:1)
  A rat (D:1)
15 creatures vanquished.

Notes
Turn   | Place    | Note
--------------------------------------------------------------
     0 | D:1      | namelastname112 the Draconian Wizard began the quest for the Orb.
     0 | D:1      | Reached XP level 1. HP: 14/14 MP: 4/4
   508 | D:1      | Reached XP level 2. HP: 18/20 MP: 0/6
  1310 | D:2      | Found a stormy altar of Qazlal.
  1315 | D:2      | Noticed Natasha
  1323 | D:2      | Killed Natasha
  1323 | D:2      | Reached XP level 3. HP: 20/26 MP: 0/8
  1339 | D:2      | Slain by an adder

Vault maps used:
D:1:      mrwooster_arrival_arrow
D:2:      overflow_temple_1_default, gammafunk_temple_overflow_forgotten,
          uniq_natasha, uniq_jessica, uniq_robin

Action                   || total
-------------------------++-------
Melee: Unarmed           ||    33
       Dagger            ||     8
 Cast: Magic Dart        ||    36
  Use: Potion            ||     1
